 Dungeon Crawl Stone Soup version 0.31-a0-344-gd109795599 (webtiles) character file.

Game seed: 4218113420549163853

16 GordonOverkill the Sneak (level 2, 0/24 HPs)
             Began as a Mummy Delver on July 22, 2023.
             Slain by a sky beast (6 damage)
             ... on level 6 of the Dungeon.
             The game lasted 00:01:25 (171 turns).

GordonOverkill the Sneak (Mummy Delver)              Turns: 171, Time: 00:01:26

Health: 0/24       AC:  5    Str: 15    XL:     2   Next: 41%
Magic:  3/3        EV: 10    Int:  9    God:
Gold:   35         SH:  0    Dex: 13    Spells: 3/3 levels left

rFire   x . .        a - +0 short sword
rCold   + . .        (no shield)
rNeg    + + +        h - +0 ring mail
rPois   ∞            (no helmet)
rElec   .            (no cloak)
rCorr   .            (no gloves)
SInv    .            (no boots)
Will    .....        (no amulet)
Stlth   ++           (no ring)
HPRegen 0.24/turn    (no ring)
MPRegen 0.08/turn

%: faith
@: no status effects
A: cold resistance 1, negative energy resistance 3, torment resistance 2, heat
vulnerability 1, no potions, faith
a: no special abilities


You were on level 6 of the Dungeon.
You visited 1 branch of the dungeon, and saw 3 of its levels.

You collected 35 gold pieces.

Inventory:

Hand Weapons
 a - a +0 short sword (weapon)
Armour
 b - a +0 leather armour
 h - a +0 ring mail (worn)
Wands
 f - a wand of digging (3)
Scrolls
 c - a scroll of fog
 d - a scroll of revelation
 e - a scroll of fear
 g - a scroll of identify {unknown}


   Skills:
 + Level 3.2 Fighting
 + Level 1.8 Short Blades
 - Level 1.5 Dodging
 + Level 4.2 Stealth
 + Level 1.1 Spellcasting


You had 3 spell levels left.
You didn't know any spells.
Your spell library was empty.

Dungeon Overview and Level Annotations

Branches:
Dungeon (7/15)             Temple (0/1) D:5

Altars:

Annotations:
D:6 exclusion: upstairs
D:7 exclusion: white imp


Innate Abilities, Weirdness & Mutations

You are immune to poison.
Your flesh is cold resistant. (rC+)
You are immune to negative energy. (rN+++)
You are immune to unholy pain and torment.
You are vulnerable to heat. (rF-)
You do not drink.
You have a special connection with the divine. (Faith)


Message History

Deactivating autopickup; reactivate with Ctrl-A.
You hit the white imp but do no damage.
The white imp is heavily wounded.
The white imp gestures at you. The puff of frost misses you.
A sky beast appears from thin air!
Reactivating autopickup.
You barely miss the white imp.
The white imp is heavily wounded.
You closely miss the white imp.
The white imp is heavily wounded.
The white imp gestures at you. The puff of frost hits you. You resist.
* * * LOW HITPOINT WARNING * * *
You hit the white imp but do no damage.
The white imp is heavily wounded.
The white imp hits you.
* * * LOW HITPOINT WARNING * * *
The white imp freezes you. You resist.
* * * LOW HITPOINT WARNING * * *
The sky beast flickers out of sight!
Deactivating autopickup; reactivate with Ctrl-A.
You hit the white imp.
The white imp is severely wounded.
The white imp closely misses you.
You hit the white imp.
You kill the white imp!
Your Spellcasting skill increases to level 1!
Something hits you but does no damage.
There is a stone staircase leading up here.
Something hits you but does no damage.
You climb upwards.
Level annotation: exclusion: upstairs Reactivating autopickup.
There is a stone staircase leading down here.
You start resting.
Something hits you but does no damage.
Deactivating autopickup; reactivate with Ctrl-A.
Something hits you.
* * * LOW HITPOINT WARNING * * *
Something shocks you.
You die...

##### ###....
#####.....)
########.....#.###
#.........####.#
#.#######.# #.###
#.# #.# #.... #.#
#.# #.... #@# #.#
#.### #.# #..
..... #.# #.#
##### #>#######.#
#.........#
###.#.#### #.# #.#
#.#


There were no monsters in sight!

Vanquished Creatures
  An adder (D:6)
  A white imp (D:7)
2 creatures vanquished.

Notes
Turn   | Place    | Note
-------+----------+-------------------------------------------
     0 | D:5      | GordonOverkill the Mummy Delver began the quest for the
                  | Orb.
     0 | D:5      | Reached XP level 1. HP: 18/18 MP: 1/1
    13 | D:5      | Found a staircase to the Ecumenical Temple.
    15 | D:5      | Noticed an iguana
    19 | D:5      | Noticed a hound
    34 | D:6      | Reached XP level 2. HP: 19/24 MP: 1/3
   155 | D:7      | Noticed a sky beast
   163 | D:7      | Reached skill level 1 in Spellcasting
   171 | D:6      | Slain by a sky beast

Illustrated notes

Levels and vault maps discovered:
D:5:      layout_basic, minmay_temple_entry_stoned_glass,
          minmay_fractal_squares_diagonal_5
D:6:      layout_loops_ring, kennysheep_generic_room_10
D:7:      layout_basic, makhleb_altar_promises_db, dk_noncrumbling_2,
          nicolae_stop_n_shop_2, uniq_maggie

Skill      XL: |  1  2 |
---------------+-------+-----
Spellcasting   | 1 |  1.1
Fighting       | |  3.2
Short Blades   | |  1.8
Dodging        | |  1.5
Stealth        | |  4.2

Action                     || total
---------------------------++-------
  Melee: Short sword       ||    30
 Armour: Leather armour    ||     1
         Ring mail         ||     7
  Dodge: Dodged            ||    12

Table legend: (Time is in decaauts)
 A = Elapsed time spent in this place.
 B = Non-inter-level travel time spent in this place.
 C = Inter-level travel time spent in this place.
 D = Time resting spent in this place.
 E = Time spent auto-exploring this place.
 F = Levels seen in this place.
 G = Mean time per level.
                   A        B        C        D        E       F      G
               +--------+--------+--------+--------+--------+-----+--------+
         Total |    168 |    168 |      0 |     25 |      0 |   3 |   56.0 |
       Dungeon |    168 |    168 |      0 |     25 |      0 |   3 |   56.0 |
               +--------+--------+--------+--------+--------+-----+--------+

Top non-repeatable levels by time:
     D:6: 98 daAuts
     D:7: 49 daAuts
     D:5: 21 daAuts
